 Dungeon Crawl Stone Soup version 0.21-a0-110-g8e1637b (webtiles) character file.

14091 Musica the Thaumaturge (level 11, -22/54 HPs)
             Began as a Deep Elf Ice Elementalist on July 8, 2017.
             Was a High Priest of Sif Muna.
             Annihilated by Donald
             ... wielding a +0 broad axe of flaming
              (30 damage)
             ... on level 2 of the Orcish Mines.
             The game lasted 01:29:48 (12868 turns).

Musica the Thaumaturge (Deep Elf Ice Elementalist) Turns: 12868, Time: 01:29:48

Health: -22/54     AC: 11    Str:  5    XL:     11   Next: 84%
Magic:  14/28      EV: 15    Int: 24    God:    Sif Muna [*****.]
Gold:   831        SH:  0    Dex: 15    Spells: 6/32 levels left

rFire    x . .     SeeInvis .   A - +0 shortbow
rCold    + . .     Gourm    .   (shield currently unavailable)
rNeg     . . .     Faith    .   q - +0 troll leather armour
rPois    .         Spirit   .   J - +0 hat
rElec    .         Reflect  .   v - +1 cloak
rCorr    .         Harm     .   f - +0 pair of gloves
MR       +....                  E - +1 pair of boots {Fly}
Stlth    ++........             O - amulet of magic regeneration
HPRegen  0.58/turn              r - +3 ring of evasion
MPRegen  0.46/turn              p - ring of ice

@: flying
A: horns 1, talons 1, yellow scales 1, deterioration 1, mutation resistance 1
a: Divine Energy, Channel Magic, Forget Spell, Renounce Religion, Stop Flying


You were on level 2 of the Orcish Mines.
You worshipped Sif Muna.
Sif Muna was extremely pleased with you.
You were not hungry.

You visited 3 branches of the dungeon, and saw 13 of its levels.

You collected 831 gold pieces.

Inventory:

Hand Weapons
 n - a +0 hunting sling
 A - a +0 shortbow (weapon)
 H - a +0 blowgun
 K - a +4 whip
Missiles
 e - 49 sling bullets
 i - 142 arrows (quivered)
 l - 106 bolts
 x - 5 needles of frenzy
 D - 17 poisoned needles
Armour
 f - a +0 pair of gloves (worn)
 h - a +2 leather armour of magic resistance
 q - a +0 troll leather armour (worn)
 t - a +2 robe of magic resistance
 v - a +1 cloak (worn)
 E - a +1 pair of boots of flying (worn)
 J - a +0 hat (worn)
Jewellery
 p - a ring of ice (right hand)
 r - a +3 ring of evasion (left hand)
 O - an amulet of magic regeneration (around neck)
Wands
 d - a wand of polymorph (12/24)
 g - a wand of flame (13/48)
 k - a wand of paralysis (16/24)
 o - a wand of clouds (3/9)
 I - a wand of iceblast (7/15)
 N - a wand of flame (25/48)
Scrolls
 m - a scroll of teleportation
 w - 3 scrolls of identify
 y - 2 scrolls of enchant armour
 C - a scroll of remove curse
 G - a scroll of fear
Potions
 a - a potion of haste
 u - 4 potions of curing
 z - a potion of berserk rage
Books
 b - a book of Frost

   Spells                             Type                      Level
   a - Freeze                         Ice                          1
   b - Throw Frost                    Conjuration/Ice              2
   c - Ozocubu's Armour               Charms/Ice                   3
   d - Throw Icicle                   Conjuration/Ice              4
   e - Summon Ice Beast               Ice/Summoning                4
 s - Sif Muna's Collected Works on Combat Magic
   (Sif Muna gifted it to you on level 1 of the Orcish Mines)

   Spells                             Type                      Level
   a - Searing Ray                    Conjuration                  2
   b - Static Discharge               Conjuration/Air              3
   c - Dazzling Spray                 Conjuration/Hexes            3
   d - Stone Arrow                    Conjuration/Earth            3
   e - Conjure Ball Lightning         Conjuration/Air              6
   f - Poison Arrow                   Conjuration/Poison           6
 P - a book of Flames

   Spells                             Type                      Level
   a - Flame Tongue                   Conjuration/Fire             1
   b - Throw Flame                    Conjuration/Fire             2
   c - Conjure Flame                  Conjuration/Fire             3
   d - Inner Flame                    Hexes/Fire                   3
   e - Sticky Flame                   Conjuration/Fire             4
   f - Fireball                       Conjuration/Fire             5
Comestibles
 c - 6 bread rations
 j - 6 chunks of flesh
 F - 4 meat rations
 M - 24 fruits


   Skills:
 - Level 4.3 Slings
 - Level 5.2 Bows
 - Level 2.4 Dodging
 - Level 3.7 Stealth
 - Level 11.3 Spellcasting
 - Level 7.5 Conjurations
 - Level 2.3 Summonings
 + Level 10.1 Fire Magic
 - Level 9.5 Ice Magic
 + Level 6.5 Invocations
 - Level 1.4 Evocations


You had 6 spell levels left.
You knew the following spells:

 Your Spells              Type           Power        Failure   Level  Hunger
a - Freeze                Ice            ####         1%          1    None
b - Throw Frost           Conj/Ice       ######       1%          2    None
c - Throw Icicle          Conj/Ice       ######..     2%          4    None
d - Summon Ice Beast      Ice/Summ       ######..     7%          4    None
e - Ozocubu's Armour      Chrm/Ice       ######..     3%          3    None
f - Conjure Flame         Conj/Fire      ######..     1%          3    None
g - Sticky Flame          Conj/Fire      ######..     1%          4    None
h - Fireball              Conj/Fire      ######....   5%          5    ####...


Dungeon Overview and Level Annotations

Branches:
Dungeon (10/15)            Temple (1/1) D:5             Orc (2/2) D:9
    Elf (0/3) Orc:2
   Lair: D:8-11

Altars:
Ashenzari
Cheibriados
Dithmenos
Elyvilon
Fedhas
Gozag
Hepliaklqana
Kikubaaqudgha
Makhleb
Nemelex Xobeh
Okawaru
Qazlal
Ru
Sif Muna
Trog
Uskayaw
Vehumet
Wu Jian
Xom
Yredelemnul
Zin
The Shining One

Annotations:
D:9 1 runed door
Orc:2 Donald


Innate Abilities, Weirdness & Mutations

You have a pair of small horns on your head.
You have sharp toenails.
You are partially covered in yellow scales. (AC +2)
Your body sometimes deteriorates upon taking damage.
You are somewhat resistant to further mutation.


Message History

Aim: Donald, wielding a broad axe of flaming, wearing a shiny chain mail and wearing a glowing shield (lightly wounded, fast, unusually strong)
You feel a surge of power!
The shard of ice hits Donald.
Donald is moderately wounded.
Your ice beast hits Donald but does no damage.
An ogre comes into view. It is wielding a giant club.
Casting: Throw Icicle
Confirm with . or Enter, or press ? or * to list all spells.
Aiming: Throw Icicle
Press: ? - help, Shift-Dir - straight line, f/p - Donald
Aim: Donald, wielding a broad axe of flaming, wearing a shiny chain mail and wearing a glowing shield (moderately wounded, fast, unusually strong)
You feel a surge of power!
Really fire in your ice beast's direction?
Okay, then.
Unknown command.
Donald hits you with a broad axe of flaming!!!
Ouch! That really hurt!
* * * LOW HITPOINT WARNING * * *
Donald burns you!!
Ouch! That really hurt!
You die...

#####################*####*** **
.#...#.....#....#...##....,,****,
..........................,,,*,,,
..........................,,,,,,,
..........................,,,,,,,
..........................,,,,,,,
................@@........,,,,,,,
........................O.,,,,,,,
................YY........,,,,,,,
^.........................,,,,,,,
..........................,,,,,,,
...............$......[...,,,,,,,
..........................,,,,,,,
..........................,,,,,,,
....#....,,.........#.....,,,,,,,


You could see Donald and 2 friendly ice beasts.

Vanquished Creatures
  A stone giant (Orc:2)
  4 two-headed ogres
  Nergalle (Orc:1)
  An orc knight (Orc:1)
  An orc sorcerer (Orc:1)
  The ghost of Ordine the Basher, a novice GrFi (D:6)
  The ghost of morra the Shooter, a novice CeHu of Okawaru (D:5)
  2 trolls (Orc:1)
  2 hippogriffs
  A two-headed ogre zombie (Orc:1)
  2 wargs (Orc:2)
  A water moccasin (D:6)
  6 orc warriors
  4 sky beasts
  3 phantoms
  An ice beast (D:9)
  2 black bears
  18 ogres
  4 centaurs
  2 big kobolds (D:9)
  2 bullfrogs
  A water moccasin zombie (D:5)
  3 scorpions
  9 killer bees
  3 wights (D:6)
  4 howler monkeys
  An electric eel (D:9)
  4 crimson imps
  A quasit (D:8)
  6 orc priests
  2 bullfrog zombies (D:5)
  6 hounds
  3 bullfrog skeletons
  10 orc wizards
  2 iguanas
  Ijyb (D:4)
  10 worker ants
  A worker ant zombie (D:6)
  3 gnolls
  8 adders
  A shadow imp (D:8)
  3 adder zombies
  4 worms
  3 leopard geckos
  42 orcs
  7 bats
  3 giant cockroaches
  11 goblins
  7 hobgoblins
  6 jackals
  5 quokkas
  A ball python (D:3)
  9 frilled lizards
  A jackal zombie (D:5)
  10 kobolds
  A quokka zombie (D:5)
  3 rats
255 creatures vanquished.

Vanquished Creatures (collateral kills)
  The ghost of newuser the Cleaver, a novice DDFi of Makhleb (D:9)
  An ugly thing (D:8)
  A troll (Orc:1)
  An ice beast (D:6)
  2 orc warriors
  5 ogres (Orc:1)
  An orc priest (Orc:2)
  4 orc wizards
  A worker ant zombie (D:7)
  3 orcs (Orc:2)
20 creatures vanquished.

Grand Total: 275 creatures vanquished

Notes
Turn   | Place    | Note
-------+----------+-------------------------------------------
     0 | D:1      | Musica the Deep Elf Ice Elementalist began the quest for the Orb.
     0 | D:1      | Reached XP level 1. HP: 10/10 MP: 6/6
   120 | D:2      | Reached XP level 2. HP: 15/15 MP: 4/8
   124 | D:2      | Learned a level 2 spell: Throw Frost
   570 | D:1      | Found a sparkling altar of Nemelex Xobeh.
   592 | D:1      | Reached XP level 3. HP: 12/19 MP: 1/10
  1093 | D:2      | Reached skill level 4 in Spellcasting
  1166 | D:2      | Found a sacrificial altar of Ru.
  1769 | D:3      | Reached skill level 1 in Slings
  1769 | D:3      | Reached XP level 4. HP: 24/24 MP: 7/12
  1800 | D:4      | Noticed an ogre
  1932 | D:3      | Reached XP level 5. HP: 28/28 MP: 9/13
  1938 | D:3      | Learned a level 4 spell: Throw Icicle
  2101 | D:3      | Found an ancient bone altar of Kikubaaqudgha.
  2101 | D:3      | Noticed a human
  2235 | D:5      | Entered Level 5 of the Dungeon
  2237 | D:5      | Noticed a centaur
  2252 | D:4      | Reached skill level 5 in Spellcasting
  2293 | D:4      | Reached XP level 6. HP: 32/32 MP: 13/15
  2294 | D:4      | Noticed Ijyb
  2305 | D:4      | Killed Ijyb
  2556 | D:4      | Reached skill level 5 in Ice Magic
  2681 | D:4      | Reached XP level 7. HP: 36/36 MP: 8/17
  3078 | D:4      | Reached skill level 6 in Spellcasting
  3784 | D:5      | Found a deep blue altar of Sif Muna.
  3790 | D:5      | Became a worshipper of Sif Muna the Loreminder
  3874 | D:5      | Noticed morra's ghost (novice CeHu)
  3903 | D:5      | Killed morra's ghost
  3903 | D:5      | Reached skill level 7 in Spellcasting
  3903 | D:5      | Reached XP level 8. HP: 25/41 MP: 2/20
  3915 | D:5      | Found a shadowy altar of Dithmenos.
  3924 | D:5      | Found a white marble altar of Elyvilon.
  4149 | D:5      | Found a shattered altar of Ashenzari.
  4234 | D:5      | Found a staircase to the Ecumenical Temple.
  4384 | Temple   | Entered the Ecumenical Temple
  4583 | D:6      | Noticed Ordine's ghost (novice GrFi)
  4588 | D:5      | Reached skill level 1 in Bows
  4588 | D:5      | Reached skill level 1 in Invocations
  5498 | D:6      | Reached skill level 5 in Conjurations
  5532 | D:6      | Reached * piety under Sif Muna
  5569 | D:6      | Found a burning altar of Makhleb.
  5700 | D:6      | Reached skill level 8 in Spellcasting
  5772 | D:6      | Reached XP level 9. HP: 45/45 MP: 9/23
  5868 | D:7      | Learned a level 4 spell: Summon Ice Beast
  5872 | D:7      | Learned a level 3 spell: Ozocubu's Armour
  5923 | D:7      | Found a shimmering altar of Xom.
  5925 | D:7      | Found a shimmering altar of Xom.
  5927 | D:7      | Found a shimmering altar of Xom.
  5927 | D:7      | Found a shimmering altar of Xom.
  5927 | D:7      | Found a shimmering altar of Xom.
  5934 | D:7      | You fall through a shaft for 2 floors!
  6625 | D:6      | Reached skill level 9 in Spellcasting
  6636 | D:7      | Gained mutation: You are somewhat resistant to further mutation. [mutagenic meat]
  6637 | D:7      | Gained mutation: Your body sometimes deteriorates upon taking damage. [mutagenic meat]
  7029 | D:7      | Found an opulent altar of Gozag.
  7890 | D:6      | Found a shimmering altar of Xom.
  7959 | D:6      | Reached ** piety under Sif Muna
  8212 | D:6      | Killed Ordine's ghost
  8212 | D:6      | Reached XP level 10. HP: 50/50 MP: 14/25
  8435 | D:8      | Noticed a brown ugly thing
  8870 | D:8      | Reached skill level 10 in Spellcasting
  8953 | D:8      | Killed a brown ugly thing
  8953 | D:8      | Reached skill level 5 in Bows
  8953 | D:8      | Reached skill level 5 in Invocations
  8959 | D:8      | Gained mutation: You have a pair of small horns on your head. [mutagenic meat]
  8960 | D:8      | Gained mutation: You have sharp toenails. [mutagenic meat]
  8961 | D:8      | Gained mutation: You are partially covered in yellow scales. (AC +2) [mutagenic meat]
  8979 | D:8      | Reached skill level 1 in Summonings
  9394 | D:9      | Noticed newuser's ghost (novice DDFi)
  9415 | D:10     | Entered Level 10 of the Dungeon
 10011 | D:9      | Found a staircase to the Orcish Mines.
 10036 | D:9      | Reached *** piety under Sif Muna
 10312 | D:9      | Reached skill level 1 in Evocations
 10362 | D:9      | Noticed a two-headed ogre
 10382 | D:9      | Killed a two-headed ogre
 10441 | D:9      | Learned a level 3 spell: Conjure Flame
 10446 | D:9      | Learned a level 4 spell: Sticky Flame
 10452 | D:9      | Learned a level 5 spell: Fireball
 10491 | D:9      | Found a runed door.
 10491 | D:9      | Noticed a deep troll earth mage
 10491 | D:9      | Noticed a wolf spider
 10491 | D:9      | Noticed a fire dragon
 10495 | D:9      | Noticed an eight-headed hydra
 10495 | D:9      | Noticed a harpy
 10495 | D:9      | Noticed a deep troll
 10507 | D:9      | Noticed an orb spider
 10640 | D:9      | Killed newuser's ghost
 10640 | D:9      | Reached skill level 11 in Spellcasting
 10944 | Orc:1    | Entered Level 1 of the Orcish Mines
 11017 | Orc:1    | Reached skill level 1 in Fire Magic
 11044 | Orc:2    | Entered Level 2 of the Orcish Mines
 11229 | Orc:1    | Noticed Nergalle
 11296 | Orc:1    | Killed Nergalle
 11296 | Orc:1    | Reached XP level 11. HP: 46/54 MP: 13/28
 11377 | Orc:1    | Reached **** piety under Sif Muna
 11627 | Orc:1    | Noticed an orc knight
 11632 | Orc:1    | Killed an orc knight
 11742 | Orc:1    | Reached skill level 5 in Fire Magic
 11790 | Orc:1    | Noticed a two-headed ogre
 11793 | Orc:1    | Noticed a two-headed ogre
 11793 | Orc:1    | Killed a two-headed ogre
 11794 | Orc:1    | Killed a two-headed ogre
 11795 | Orc:1    | Noticed a two-headed ogre
 11795 | Orc:1    | Reached ***** piety under Sif Muna
 11797 | Orc:1    | Killed a two-headed ogre
 11797 | Orc:1    | Identified Sif Muna's Collected Works on Combat Magic (Sif Muna gifted it to you on level 1 of the Orcish Mines)
 11797 | Orc:1    | Received a gift from Sif Muna
 11854 | Orc:1    | Noticed a two-headed ogre
 12075 | Orc:1    | Noticed an orc sorcerer
 12080 | Orc:1    | Killed an orc sorcerer
 12247 | Orc:2    | Noticed a stone giant
 12417 | Orc:2    | Killed a stone giant
 12509 | Orc:2    | Found a staircase to the Elven Halls.
 12751 | Orc:2    | Reached skill level 10 in Fire Magic
 12859 | Orc:2    | Noticed Donald
 12868 | Orc:2    | Annihilated by Donald

Vault maps used:
D:1:      minmay_arrival_hallway, kennysheep_nondescript,
          minmay_misc_feat_four_crosses, nemelex_xobeh_ov_fountains_minmay
D:2:      nicolae_overflow_hidden_temple, first_bread
D:3:      tgw_kikubaaqudgha
D:4:      wad_pebble_path, uniq_ijyb
D:5:      led_sif_pool, nicolae_overflow_crystal_walls,
          amethyst_overflow_temple_binary, temple_hall,
          kennysheep_generic_room_14
D:6:      lemuel_round_altar, makhleb_heckhound_becter
D:7:      basic_altar, xom_redecorated
D:9:      minmay_gate_of_8, blue_anna_alchemist, roderic_lattice_a,
          kennysheep_generic_room_2
D:10:     nrook_guardian_serpent_snake_passage, fedhas_altar_1
Temple:   nicolae_temple_god_jail
Orc:1:    lemuel_ogre_cave, uniq_nergalle
Orc:2:    st_orc_pillars, lab_entry_generic, uniq_donald

Skill      XL: |  1  2  3  4  5  6  7  8  9 10 11 |
---------------+----------------------------------+-----
Stealth        | 3 |  3.7
Ice Magic      | 4 5 6 8 9 |  9.5
Spellcasting   | 4 5 7 8 9 11 | 11.3
Slings         | 1 2 4 |  4.3
Conjurations   | 2 3 4 5 6 7 |  7.5
Bows           | 3 4 5 |  5.2
Invocations    | 3 4 6 |  6.5
Summonings     | 2 |  2.3
Evocations     | 1 |  1.4
Fire Magic     | 1 10 | 10.1
Dodging        | |  2.4

Action                   |  1- 3 |  4- 6 |  7- 9 | 10-12 || total
-------------------------+-------+-------+-------+-------++-------
Melee: Unarmed           |     2 |       |       |       ||     2
       Club              |     5 |       |       |       ||     5
       Dagger            |     3 |       |       |       ||     3
       Hunting sling     |       |       |     2 |       ||     2
 Fire: Hunting sling     |    39 |    66 |    68 |       ||   173
       Shortbow          |       |       |   106 |    22 ||   128
       Blowgun           |       |       |       |     2 ||     2
 Cast: Freeze            |    59 |    42 |    81 |     8 ||   190
       Throw Frost       |     1 |     1 |    48 |    58 ||   108
       Throw Icicle      |       |       |    49 |   124 ||   173
       Summon Ice Beast  |       |       |     4 |    24 ||    28
       Ozocubu's Armour  |       |       |     2 |       ||     2
       Fireball          |       |       |       |     7 ||     7
       Conjure Flame     |       |       |       |     1 ||     1
Evoke: Wand              |       |    11 |     2 |    20 ||    33
  Use: Scroll            |     5 |     3 |     9 |     6 ||    23
       Potion            |       |       |     7 |     3 ||    10
 Stab: Sleeping          |     6 |       |       |       ||     6
  Eat: Fruit             |     4 |       |     6 |     2 ||    12
       Chunk             |       |     2 |     7 |    15 ||    24
       Meat ration       |       |       |     1 |       ||     1
       Bread ration      |       |       |     1 |       ||     1
       Royal jelly       |       |       |     1 |     1 ||     2
Armor: Robe              |    11 |    17 |    48 |    17 ||    93
       Troll leather arm |       |       |       |     1 ||     1
Dodge: Dodged            |    37 |    30 |   215 |    48 ||   330
